Map: 2000 Atmospheres LE

Players

Classic - Winner!

  • Race: Protoss Protoss

Harstem

  • Race: Protoss Protoss

VOD

Have the link to the VOD?

Description

Time

  • Played on: Oct. 21, 2021, 9:49 a.m.
  • Length: 6:48
Show
View Real Time Build Order
Export as new Build Order

Classic Protoss - Winner!

Build Orders:  

Get SALT Encoding   

  12  0:00  Probe  
  13  0:12  Probe  
  14  0:17  Pylon  
  14  0:24  Probe (Chrono Boost)  
  15  0:37  Probe (Chrono Boost), Gateway  
  16  0:45  Probe (Chrono Boost)  
  16  0:46  Assimilator  
  17  0:51  Probe  
  18  0:57  Assimilator  
  18  1:03  Probe (Chrono Boost)  
  19  1:08  Gateway  
  19  1:12  Probe (Chrono Boost)  
  19  1:17  Probe (Chrono Boost)  
  20  1:25  Cybernetics Core  
  21  1:29  Probe  
  22  1:35  Pylon  
  22  1:41  Probe  
  23  1:53  Probe  
  24  2:01  Stalker x2, Warp Gate (Chrono Boost)  
  28  2:13  Pylon  
  28  2:31  Stalker x2  
  28  2:35  Robotics Facility  
  32  2:44  Gateway  
  32  3:03  Stalker x2  
  35  3:10  Pylon  
  35  3:19  Warp Prism (Chrono Boost)  
  37  3:42  Robotics Bay  
  37  3:48  Adept x3  
  43  3:55  Pylon  
  43  4:16  Sentry  
  45  4:27  Disruptor (Chrono Boost)  
  48  4:34  Pylon  
  46  4:44  Stalker x2  
  50  4:46  Stalker  
  52  5:10  Stalker x2  
  52  5:12  Zealot  
  58  5:35  Stalker x2, Pylon  
  62  5:53  Stalker  
  64  6:01  Stalker x2  
  50  6:18  Stalker  
  48  6:29  Stalker x2  
  46  6:46  Stalker  
Show
View Real Time Build Order
Export as new Build Order

Harstem Protoss 

Build Orders:  

Get SALT Encoding   

  12  0:00  Probe  
  13  0:12  Probe  
  14  0:17  Pylon  
  14  0:24  Probe (Chrono Boost)  
  15  0:36  Probe (Chrono Boost)  
  15  0:37  Gateway  
  16  0:44  Probe (Chrono Boost)  
  16  0:46  Assimilator  
  17  0:51  Probe  
  17  0:55  Assimilator  
  18  1:03  Probe (Chrono Boost)  
  19  1:07  Gateway  
  19  1:13  Probe (Chrono Boost)  
  19  1:18  Probe (Chrono Boost)  
  20  1:24  Cybernetics Core  
  21  1:29  Probe  
  22  1:41  Pylon  
  22  1:46  Probe  
  23  1:59  Probe  
  24  2:02  Stalker x2  
  24  2:03  Warp Gate  
  28  2:11  Pylon  
  28  2:27  Pylon  
  28  2:33  Sentry  
  32  2:37  Sentry  
  32  2:44  Nexus  
  32  2:45  Probe  
  33  2:53  Pylon  
  33  2:57  Probe  
  34  3:07  Stalker x2  
  34  3:09  Sentry, Probe  
  37  3:13  Shield Battery  
  37  3:22  Probe  
  37  3:24  Twilight Council  
  38  3:34  Probe  
  39  3:43  Shield Battery  
  39  3:46  Probe  
  40  3:51  Stalker  
  40  3:52  Stalker  
  44  3:58  Probe x2  
  45  4:03  Dark Shrine  
  45  4:10  Probe  
  45  4:15  Shield Battery  
  46  4:18  Stalker  
  46  4:23  Probe x2 (Chrono Boost)  
  49  4:30  Blink (Chrono Boost)  
  48  4:35  Probe x2 (Chrono Boost)  
  50  4:38  Stalker  
  50  4:40  Probe x2 (Chrono Boost)  
  54  4:46  Stalker  
  54  4:49  Probe x2  
  58  4:57  Pylon  
  58  5:01  Probe, Stalker  
  58  5:02  Probe, Forge  
  61  5:10  Stalker  
  62  5:16  Pylon  
  63  5:23  Pylon  
  63  5:26  Shield Battery  
  63  5:28  Stalker  
  63  5:32  Gateway x2  
  63  5:34  Shield Battery  
  63  5:38  Stalker  
  54  5:52  Probe  
  54  5:53  Probe  
  54  5:54  Stalker, Pylon  
  51  6:02  Stalker  
  49  6:04  Probe  
  49  6:07  Probe  
  44  6:16  Probe  
  44  6:17  Stalker  
  42  6:27  Stalker  
  42  6:31  Stalker  
  39  6:40  Stalker  
  39  6:43  Stalker  
Tags
 
Add a new tag
Caveats
  • Supply blocks, unpowered buildings, or Contaminate may cause inaccurate times.
  • Supply counts are checked every 10 seconds.